 Dungeon Crawl Stone Soup version 0.27.1-33-g824d729ab1 (webtiles) character file.

Game seed: 9966909531247751102

7513 caelumdeity the Basher (level 10, -2/71 HPs)
             Began as a Yellow Draconian Transmuter on Dec 17, 2021.
             Was a Follower of Makhleb.
             Slain by a fire bat (4 damage)
             ... in a Gauntlet.
             The game lasted 01:16:57 (14963 turns).

caelumdeity the Basher (DrTm)                      Turns: 14963, Time: 01:16:58

Health: -2/71      AC: 17    Str: 14    XL:     10   Next: 95%
Magic:  12/13      EV: 12    Int: 15    God:    Makhleb [*.....]
Gold:   477        SH:  0    Dex: 12    Spells: 5/13 levels left

rFire    + . .     SeeInvis .   b - +2 flail (protect)
rCold    + . .     Faith    .   (no shield)
rNeg     . . .     Spirit   .   (armour unavailable)
rPois    +         Reflect  .   C - +0 hat
rElec    +         Harm     .   v - +0 cloak
rCorr    +         Rampage  .   j - +1 pair of gloves
Will     .....     NoTele   +   (no boots)
Stlth    +.........             (no amulet)
HPRegen  0.21/turn              k - ring of wizardry
MPRegen  0.13/turn              (no ring)

@: short of breath, resistant, wereblooded, under a protective aura, hasted,
very quick
A: spit acid, AC +7, unfitting armour, cold-blooded, acid resistance
a: Breathe Acid, Renounce Religion


You were in a Gauntlet.
You worshipped Makhleb.
Makhleb was aware of your devotion.
You visited 2 branches of the dungeon, and saw 12 of its levels.
You also visited: Gauntlet.

You collected 527 gold pieces.
You spent 50 gold pieces at shops.

Inventory:

Hand Weapons
 a - a +2 whip of venom
 b - a +2 flail of protection (weapon)
Missiles
 h - 3 curare-tipped darts
 l - 66 poisoned darts (quivered)
Armour
 j - a +1 pair of gloves (worn)
 v - a +0 cloak (worn)
 C - a +0 hat (worn)
Jewellery
 k - a ring of wizardry (left hand)
Wands
 s - a wand of polymorph (8)
Scrolls
 c - a scroll of vulnerability {unknown}
 e - a scroll of magic mapping {unknown}
 f - 3 scrolls of teleportation
 g - a scroll of holy word {unknown}
 m - a scroll of amnesia {unknown}
 n - a scroll of enchant armour
 p - a scroll of blinking
 r - 2 scrolls of silence {unknown}
 t - 2 scrolls of fear
 x - a scroll of enchant weapon {unknown}
 y - a scroll of fog {unknown}
Potions
 d - 3 potions of brilliance
 i - 3 potions of curing
 o - 2 potions of haste
 q - 2 potions of berserk rage
 u - 2 potions of attraction
 w - a potion of resistance
 A - a potion of degeneration {unknown}
 B - 2 potions of flight {unknown}
Miscellaneous
 D - a phantom mirror


   Skills:
 + Level 1.3 Fighting
 - Level 14.0 Maces & Flails
 - Level 1.7 Dodging
 - Level 3.0 Unarmed Combat
 - Level 2.0 Spellcasting
 - Level 5.0 Necromancy
 - Level 5.0 Transmutations
 * Level 4.6 Ice Magic


You had 5 spell levels left.
You knew the following spells:

 Your Spells              Type           Power      Damage    Failure   Level
a - Beastly Appendage     Tmut           32%        N/A       1%          1
b - Wereblood             Tmut           16%        N/A       1%          2
c - Pain                  Necr           64%        1d7       1%          1
d - Ice Form              Ice/Tmut       15%        N/A       12%         4

Your spell library contained the following spells:

 Spells                   Type           Power      Damage    Failure   Level
 Animate Skeleton         Necr           32%        N/A       1%          1
 Vampiric Draining        Necr           8%         2d7       3%          3
 Magic Dart               Conj           4%         1d3       9%          1
 Spider Form              Tmut/Pois      4%         N/A       10%         3
 Agony                    Necr           16%        N/A       30%         5
 Excruciating Wounds      Necr           8%         N/A       30%         5
 Hailstorm                Conj/Ice       8%         3d4       32%         4
 Passage of Golubria      Tloc           N/A        N/A       61%         4
 Sticky Flame             Conj/Fire      1%         2d3       61%         4
 Fireball                 Conj/Fire      0%         3d3       91%         5
 Silence                  Hex/Air        0%         N/A       91%         5
 Lehudib's Crystal Spear  Conj/Erth      0%         10d2      100%        8


Dungeon Overview and Level Annotations

Branches:
Dungeon (11/15)            Temple (1/1) D:7         Gauntlet (1/1)
   Lair: D:8-11         Orc: D:9-12

Altars:
Ashenzari
Cheibriados
Dithmenos
Elyvilon
Fedhas
Gozag
Hepliaklqana
Kikubaaqudgha
Makhleb
Nemelex Xobeh
Okawaru
Qazlal
Ru
Sif Muna
Trog
Uskayaw
Vehumet
Wu Jian
Xom
Yredelemnul
Zin
The Shining One

Shops:
D:2 (   D:5 !

Annotations:
Gauntlet 13 transporters


Innate Abilities, Weirdness & Mutations

You can spit globs of acid.
Your golden yellow scales are hard. (AC +7)
You cannot fit into any form of body armour.
You are cold-blooded and may be slowed by cold attacks.
You are resistant to acid. (rCorr)


Message History

Your horns disappear.
Your talons disappear.
Your +0 hat unmelds from your body.
The fire bat bites you but does no damage. x2
The fire crab bites you but does no damage.
The fire crab barely misses you. The fire bat barely misses you.
You barely miss the fire crab.
The fire crab is moderately wounded.
You are engulfed in blazing flames.
You resist.
* * * LOW HITPOINT WARNING * * *
The fire bat bites you.
* * * LOW HITPOINT WARNING * * *
You are engulfed in flames.
You resist.
* * * LOW HITPOINT WARNING * * *
The fire bat bites you but does no damage. x2
You feel much better. The fire bat barely misses you.
The fire bat closely misses you. The fire crab breathes flames at you.
The blast of flame misses you. The fire bat bites you.
You are engulfed in flames.
You resist. The fire bat barely misses you.
You feel yourself speed up.
You are engulfed in blazing flames.
You resist.
* * * LOW HITPOINT WARNING * * *
The fire bat bites you but does no damage. x2
The fire crab closely misses you. The fire crab barely misses you.
The fire bat bites you but does no damage.
You hit the fire crab.
Your tail-slap misses the fire crab.
The fire crab is moderately wounded.
You are engulfed in blazing flames.
You resist.
* * * LOW HITPOINT WARNING * * *
The fire bat barely misses you. The fire crab breathes flames at you.
The blast of flame engulfs you. You resist.
* * * LOW HITPOINT WARNING * * *
You sock the fire crab!
The fire crab is heavily wounded.
You are engulfed in blazing flames.
You resist.
* * * LOW HITPOINT WARNING * * *
The fire bat bites you.
* * * LOW HITPOINT WARNING * * *
You are engulfed in flames.
You resist.
You die...

##.8©##.#©.#©#©©##.©#.^#.©#©©
#≈...#.##.#.$#..#.#..#..#.#..
##...##YY##..#..#..#P.#P.##..
#§.∩.#Y##wY###..#...#P.#P.#..
##...#########..#5..^#.^#=#..
#≈...........#..###########..
###..#########..#.........#..
#≈..#...°bbb#..#.........#..
##..#.####t@#..#..##≈##..#..
#≈..#b#..°#°#..#..≈###≈..#..
##§©#b#.°○#°#©.#..## ##§.#.©
#§§.#.#...#°#..#..≈# #§§§#..
##..#..####.####..## ##..###
#≈..#.......#.....≈# #§.....
##..#########....### ###....
#≈.............#≈# #≈#..
##.........§.#≈### ###≈#


You could see 4 elephants, a torpor snail, a fire crab (corroded), 3 fire bats
and a white imp.

Vanquished Creatures
  A two-headed ogre (D:9)
  An unseen horror (D:6)
  Psyche (D:8)
  A kobold demonologist (D:9)
  A shadow (D:10)
  6 yaks (D:9)
  Sigmund (D:2)
  A wraith (D:9)
  3 steam dragons
  Edmund (D:5)
  Menkaure (D:7)
  2 water moccasins
  Duvessa (D:4)
  An ice beast (D:6)
  An orc warrior (D:9)
  2 sky beasts
  2 necrophages
  5 ogres
  2 centaurs
  3 phantoms
  12 kobold brigands (D:9)
  3 bullfrogs
  Blork the orc (D:4)
  3 scorpions
  A wyvern zombie (D:5)
  Dowan (D:4)
  A water moccasin zombie (D:6)
  3 centaur zombies
  5 hounds
  3 centaur skeletons
  A jelly (D:5)
  Crazy Yiuf (D:5)
  A bullfrog skeleton (D:7)
  2 gnoll shamans
  4 orc priests
  4 iguanas
  4 orc wizards
  Terence (D:2)
  A howler monkey zombie (D:9)
  Robin (D:2)
  15 gnolls
  An adder (D:2)
  2 shadow imps
  A white imp (D:5)
  2 ufetubi
  An adder skeleton (D:4)
  A worm (D:3)
  14 orcs
  A ball python (D:2)
  7 endoplasms
  4 giant cockroaches
  16 goblins
  10 hobgoblins
  2 jackals (D:1)
  20 kobolds
  6 quokkas
  9 bats
  6 frilled lizards
  4 rats
212 creatures vanquished.

Vanquished Creatures (others)
  5 fungi (Gauntlet)
  11 plants
16 creatures vanquished.

Grand Total: 228 creatures vanquished

Notes
Turn   | Place    | Note
-------+----------+-------------------------------------------
     0 | D:1      | caelumdeity the Draconian Transmuter began the quest for
                  | the Orb.
     0 | D:1      | Reached XP level 1. HP: 16/16 MP: 3/3
   437 | D:2      | Noticed Sigmund
   458 | D:1      | Reached XP level 2. HP: 20/23 MP: 5/5
   671 | D:1      | Found a faded altar of an unknown god.
  1663 | D:1      | Reached XP level 3. HP: 27/28 MP: 6/6
  2297 | D:2      | Found Pohang's Weapon Boutique.
  2367 | D:2      | Reached XP level 4. HP: 7/35 MP: 5/7
  2374 | D:2      | Learned a level 2 spell: Wereblood
  2376 | D:2      | Learned a level 1 spell: Pain
  3184 | D:4      | Noticed Blork the orc
  3323 | D:2      | Noticed Robin
  3355 | D:2      | Killed Robin
  3356 | D:2      | Reached skill level 1 in Maces & Flails
  3969 | D:2      | Killed Sigmund
  3970 | D:2      | Reached skill level 5 in Transmutations
  3970 | D:2      | Reached XP level 5. HP: 40/40 MP: 5/8
  3970 | D:2      | Reached XP level 6. HP: 47/47 MP: 5/9
  4175 | D:2      | Noticed Terence
  4182 | D:2      | Killed Terence
  4523 | D:3      | Reached skill level 2 in Maces & Flails
  5083 | D:5      | Entered Level 5 of the Dungeon
  5384 | D:4      | Found a hide-covered altar of Uskayaw.
  5443 | D:4      | Found a stormy altar of Qazlal.
  5505 | D:4      | Noticed Dowan
  5506 | D:4      | Noticed Duvessa
  5678 | D:5      | Noticed a sky beast
  5808 | D:4      | Killed Duvessa
  5809 | D:4      | Reached skill level 3 in Maces & Flails
  5816 | D:4      | Killed Dowan
  5817 | D:4      | Your scales start taking on a golden yellow colour.
  5817 | D:4      | Reached XP level 7. HP: 35/52 MP: 6/10
  5817 | D:4      | Gained mutation: You are resistant to acid. (rCorr) [Yellow
                  | Draconian growth]
  5973 | D:4      | Reached skill level 4 in Maces & Flails
  6086 | D:4      | Found a bloodstained altar of Trog.
  6095 | D:4      | Found a shadowy altar of Dithmenos.
  6119 | D:4      | Killed Blork the orc
  6643 | D:5      | Reached skill level 5 in Maces & Flails
  6648 | D:5      | Learned a level 4 spell: Ice Form
  6793 | D:5      | Reached skill level 5 in Necromancy
  7092 | D:5      | Reached skill level 6 in Maces & Flails
  7092 | D:5      | Reached XP level 8. HP: 57/59 MP: 11/11
  7134 | D:5      | Found Uprieg's Distillery.
  7148 | D:5      | Bought a potion of heal wounds for 50 gold pieces
  7610 | D:5      | Found a runed translucent door.
  7611 | D:5      | Noticed Crazy Yiuf
  7621 | D:5      | Killed Crazy Yiuf
  7764 | D:5      | Reached skill level 7 in Maces & Flails
  8164 | D:6      | Reached skill level 8 in Maces & Flails
  8921 | D:6      | Reached skill level 9 in Maces & Flails
  8982 | D:6      | Noticed Edmund
  9200 | D:5      | Killed Edmund
  9479 | D:6      | Reached XP level 9. HP: 64/64 MP: 12/12
  9789 | D:6      | Reached skill level 10 in Maces & Flails
  9796 | D:6      | Found a sacrificial altar of Ru.
  9855 | D:6      | Killed an unseen horror
 10129 | D:6      | Found a burning altar of Makhleb.
 10219 | D:6      | Became a worshipper of Makhleb the Destroyer
 10257 | D:7      | Found a white marble altar of Elyvilon.
 10619 | D:7      | Reached skill level 11 in Maces & Flails
 10887 | D:8      | Found a basalt altar of Yredelemnul.
 10918 | D:7      | Noticed Menkaure
 11332 | D:7      | Killed Menkaure
 11551 | D:7      | Found a broken altar of Ashenzari.
 11590 | D:7      | Found a staircase to the Ecumenical Temple.
 11596 | Temple   | Entered the Ecumenical Temple
 11894 | D:7      | Reached skill level 12 in Maces & Flails
 12300 | D:8      | Noticed Psyche
 12309 | D:8      | Killed Psyche
 12310 | D:8      | Reached XP level 10. HP: 58/71 MP: 11/13
 12851 | D:9      | Found an opulent altar of Gozag.
 13077 | D:9      | Reached skill level 13 in Maces & Flails
 13083 | D:9      | Reached * piety under Makhleb
 13408 | D:9      | Noticed a two-headed ogre
 13418 | D:9      | Killed a two-headed ogre
 13419 | D:9      | Reached skill level 1 in Ice Magic
 13730 | D:9      | Got the Handbook of Conjuration
 13917 | D:9      | Reached skill level 14 in Maces & Flails
 14140 | D:10     | Entered Level 10 of the Dungeon
 14528 | D:11     | Found a gate leading to a gauntlet.
 14537 | Gauntlet | Entered a Gauntlet
 14537 | Gauntlet | Noticed a necromancer
 14537 | Gauntlet | Noticed an elephant
 14537 | Gauntlet | Noticed an elephant
 14537 | Gauntlet | Noticed an elephant
 14537 | Gauntlet | Noticed an elephant
 14537 | Gauntlet | Found a transporter.
 14537 | Gauntlet | Found a transporter.
 14541 | Gauntlet | Noticed a torpor snail
 14549 | Gauntlet | Found a transporter.
 14564 | Gauntlet | Noticed a wizard
 14567 | Gauntlet | Found a transporter.
 14567 | Gauntlet | Found a transporter.
 14569 | Gauntlet | Found a transporter.
 14569 | Gauntlet | Found a transporter.
 14570 | Gauntlet | Found a transporter.
 14572 | Gauntlet | Noticed a wretched star
 14574 | Gauntlet | Noticed a moth of wrath
 14581 | Gauntlet | Found a transporter.
 14597 | Gauntlet | Found a transporter.
 14607 | Gauntlet | Found a transporter.
 14607 | Gauntlet | Noticed a reaper
 14621 | Gauntlet | Found a transporter.
 14641 | Gauntlet | Found a transporter.
 14652 | Gauntlet | Noticed a fire crab
 14653 | Gauntlet | Found a transporter.
 14963 | Gauntlet | HP: 2/71 [fire bat (3)]
 14963 | Gauntlet | Slain by a fire bat

Illustrated notes

Levels and vault maps discovered:
D:1:      elethiomel_arrival_shortcut, layout_loops_ring,
          ebering_ecumenical_altar_abandoned, serial_forest,
          infiniplex_forest_end_3, infiniplex_forest_clump_double,
          infiniplex_forest_clump_small, infiniplex_forest_lined_room_2,
          infiniplex_forest_clump_medium, infiniplex_forest_clump_small,
          infiniplex_forest_lined_2, infiniplex_forest_end_2,
          infiniplex_forest_zigzag_1
D:2:      layout_basic, serial_shops, nicolae_shop_stone, uniq_sigmund,
          uniq_terence, uniq_robin
D:3:      layout_basic
D:4:      layout_basic, nicolae_uskayaw_murder_on_the_dancefloor,
          nicolae_qazlal_scattered_showers, mainiacjoe_overflow_swirl,
          grunt_ministairs_7, feat_on_display, uniq_duvessa, uniq_blork_the_orc
D:5:      layout_loops_corners, serial_shops, shop, roderic_cross_of_infinity,
          uniq_crazy_yiuf_cottage
D:6:      layout_basic, mainiacjoe_overflow_alcove_2,
          nicolae_overflow_hidden_temple, minmay_misc_feat_doors, uniq_edmund
D:7:      layout_basic, amcnicky_altar_gilded, cheibrodos_ashenzari_chains,
          minmay_temple_entry_wispy, grunt_ministairs_1, uniq_menkaure
D:8:      layout_loops_cross, mainiacjoe_overflow_cross_hatched, uniq_psyche
D:9:      layout_loops_ring, mainiacjoe_overflow_tiny_flanked, special_room
          [special_room_kobold]
D:10:     cheibrodos_helix_gallery, layout_stronghold, lair_entry_dummy,
          serial_rivers, chequers_serial_rivers_marsh,
          chequers_serial_rivers_marsh, chequers_serial_rivers_small_a,
          chequers_serial_rivers_large_b, chequers_serial_rivers_large_a,
          chequers_serial_rivers_micro_d, serial_park_tiny_1,
          kennysheep_pointless_box, uniq_harold
D:11:     hangedman_screamer, layout_rooms, erik_orc_2, gauntlet_entry_generic
Temple:   nicolae_temple_hex_pool
Gauntlet: gammafunk_gauntlet_mixed_choke_point [minmay_gauntlet_arena_77_mirror,
          minmay_gauntlet_arena_77_mess, minmay_gauntlet_arena_77_box,
          gammafunk_gauntlet_arena_arrow_garden,
          minmay_gauntlet_arena_77_terracotta_army,
          minmay_gauntlet_arena_77_checkered,
          minmay_gauntlet_arena_77_hold_the_fort, gauntlet_exit_spiral]

Skill      XL: |  1  2  3  4  5  6  7  8  9 10 |
---------------+-------------------------------+-----
Transmutations | 3 4 5 |  5.0
Maces & Flails | 1 3 6 9 12 14 | 14.0
Necromancy     | 3 4 5 |  5.0
Ice Magic      | 4 |  4.6
Fighting       | |  1.3
Dodging        | |  1.7
Unarmed Combat | |  3.0
Spellcasting   | |  2.0

Action                   |  1- 3 |  4- 6 |  7- 9 | 10-12 || total
-------------------------+-------+-------+-------+-------++-------
Melee: Unarmed           |   118 |       |       |       ||   118
       Tailslap          |    13 |    14 |    58 |    22 ||   107
       Headbutt          |     3 |     5 |     9 |     2 ||    19
       Kick              |     3 |     5 |    11 |    10 ||    29
       Punch             |     3 |     4 |     5 |     5 ||    17
       Short sword       |    15 |       |       |       ||    15
       Whip              |       |   189 |   356 |       ||   545
       Dire flail        |       |       |    49 |    18 ||    67
       Flail             |       |       |       |   194 ||   194
Throw: Stone             |    32 |    18 |    48 |       ||    98
       Dart              |     3 |     3 |    23 |    35 ||    64
 Cast: Beastly Appendage |     3 |     4 |     5 |     3 ||    15
       Wereblood         |       |     4 |     3 |     4 ||    11
       Pain              |       |     3 |     1 |       ||     4
 Abil: Breathe Acid      |       |       |    17 |    14 ||    31
  Use: Scroll            |       |     5 |     4 |     2 ||    11
       Potion            |       |       |     2 |     3 ||     5
 Stab: Sleeping          |     3 |     2 |       |       ||     5
Armor: Skin              |    32 |    82 |   122 |    89 ||   325
Dodge: Dodged            |    90 |   133 |   181 |    90 ||   494
